 Seeded DCSS version 0.30-a0-777-ga9a30cb (webtiles) character file.

Game seed: 736641360542992059 (custom seed)

272 Geeful the Magician (level 6, -5/47 HPs)
             Began as a Mummy Conjurer on Feb 10, 2023.
             Killed by divine providence
             ... invoked by an orc priest
              (14 damage)
             ... on level 3 of the Dungeon on Feb 13, 2023.
             The game lasted 00:15:10 (3546 turns).

Geeful the Magician (Mummy Conjurer)                Turns: 3546, Time: 00:15:11

Health: -5/47      AC: 11    Str: 11    XL:     6   Next: 2%
Magic:  3/13       EV: 12    Int: 19    God:
Gold:   77         SH:  0    Dex: 10    Spells: 11/14 levels left

rFire   x . .      SeeInvis +    c - +1 dagger
rCold   + + .      Faith    +    (no shield)
rNeg    + + +      Spirit   .    g - +2 robe {Will+}
rPois   ∞          Reflect  .    a - +2 helmet of the Abyss {Contam +Inv SInv}
rElec   .          Harm     .    l - +2 cloak {Will+}
rCorr   .          Rampage  .    (no gloves)
Will    ++...                    j - +0 pair of boots
Stlth   ++                       (no amulet)
HPRegen 0.27/turn                b - ring of protection from cold
MPRegen 0.13/turn                (no ring)

@: no status effects
A: cold resistance 1, negative energy resistance 3, torment resistance 2, heat
vulnerability 1, in touch with death 1, no potions, faith
a: Evoke Invisibility


You were on level 3 of the Dungeon.
You visited 1 branch of the dungeon, and saw 3 of its levels.

You collected 77 gold pieces.

Inventory:

Hand Weapons
 c - a +1 dagger (weapon)
Armour
 a - the +2 helmet of the Abyss (worn) {Contam +Inv SInv}
   (You took it off Robin on level 2 of the Dungeon)

   SInv:      It lets you see invisible.
   +Inv:      It lets you turn invisible.
   Contam:    It causes magical contamination when unequipped.
 g - a +2 robe of willpower (worn)
 j - a +0 pair of boots (worn)
 l - a +2 cloak of willpower (worn)
Jewellery
 b - a ring of protection from cold (left hand)
Scrolls
 d - a scroll of enchant weapon
 e - a scroll of teleportation {unknown}
 f - 2 scrolls of blinking {unknown}
 h - a scroll of noise {unknown}
 i - a scroll of identify {unknown}


   Skills:
 + Level 3.2 Fighting
 + Level 3.2 Dodging
 - Level 1.5 Stealth
 + Level 4.9 Spellcasting
 - Level 3.2 Conjurations


You had 11 spell levels left.
You knew the following spells:

 Your Spells              Type           Power      Damage    Failure   Level
a - Magic Dart            Conj           68%        1d6       3%          1
b - Searing Ray           Conj           34%        2d5       4%          2

Your spell library contained the following spells:

 Spells                   Type           Power      Damage    Failure   Level
 Dazzling Flash           Conj/Hex       20%        N/A       19%         3
 Fulminant Prism          Conj/Hex       5%         3d7       54%         4
 Iskenderun's Mystic Bla  Conj/Tloc      10%        2d4       54%         4


Dungeon Overview and Level Annotations

Branches:
Dungeon (3/15)

Altars:

Annotations:
D:3 2 transporters


Innate Abilities, Weirdness & Mutations

You are immune to poison.
Your flesh is cold resistant. (rC+)
You are immune to negative energy. (rN+++)
You are immune to unholy pain and torment.
You are vulnerable to heat. (rF-)
You are in touch with the powers of death.
You do not drink.
You have a special connection with the divine. (Faith)


Message History

Press: ? - help, Shift-Dir - straight line, f/p - orc priest
Aim: an orc priest, wielding a +0 trident and wearing a +0 scale mail (moderately wounded, 72% to hit)
The puff of flame hits the orc priest.
The orc priest is heavily wounded.
The orc priest hits you but does no damage.
Your magical contamination has completely faded away.
Aiming: Throw Flame
Press: ? - help, Shift-Dir - straight line, f/p - orc priest
Aim: an orc priest, wielding a +0 trident and wearing a +0 scale mail (heavily wounded, 72% to hit)
The puff of flame hits the orc priest.
The orc priest is almost dead.
The orc priest closely misses you.
Aiming: Throw Flame
Press: ? - help, Shift-Dir - straight line, f/p - orc priest
Aim: an orc priest, wielding a +0 trident and wearing a +0 scale mail (almost dead, 72% to hit)
The puff of flame hits the orc priest but does no damage.
The orc priest is almost dead.
The orc priest barely misses you.
Aiming: Throw Flame
Press: ? - help, Shift-Dir - straight line, f/p - orc priest
Aim: an orc priest, wielding a +0 trident and wearing a +0 scale mail (almost dead, 72% to hit)
The puff of flame hits the orc priest but does no damage.
The orc priest is almost dead.
The orc priest hits you from afar with a +0 trident.
* * * LOW HITPOINT WARNING * * *
Aiming: Throw Flame
Press: ? - help, Shift-Dir - straight line, f/p - orc priest
Aim: an orc priest, wielding a +0 trident and wearing a +0 scale mail (almost dead, 72% to hit)
The puff of flame hits the orc priest but does no damage.
The orc priest is almost dead.
The orc priest hits you from afar with a +0 trident.
* * * LOW HITPOINT WARNING * * *
Aiming: Throw Flame
Press: ? - help, Shift-Dir - straight line, f/p - orc priest
Aim: an orc priest, wielding a +0 trident and wearing a +0 scale mail (almost dead, 72% to hit)
The puff of flame misses the orc priest.
The now-empty wand crumbles to dust.
The orc priest mumbles some strange prayers to Beogh against you.
Beogh smites you!
You die...

#..#####..# ### ###
#.........# #.# #.#
#.........# #.## #.#
######o#### #..# #.#
#o# ##.# #..
#o############.# #.#
#.##...........# #.#
#.##.########..####.#
#.##@#####...........
#oo.#......##..######
####.####.>##..# #.#
#..##..# #.#
#..##..###### #.#
#............
#.#####...........
#...........#####.
###########.# #.


You could see an orc priest and an orc.

Vanquished Creatures
  A hound (D:3)
  Crazy Yiuf (D:3)
  Jessica (D:2)
  An orc wizard (D:2)
  Robin (D:2)
  3 gnolls (D:2)
  3 adders
  A worm (D:2)
  A dart slug (D:1)
  7 orcs
  6 endoplasms
  2 giant cockroaches
  13 goblins
  9 hobgoblins
  6 jackals (D:1)
  5 kobolds
  A quokka (D:3)
  9 ball pythons
  3 bats
  4 frilled lizards
  5 rats
83 creatures vanquished.

Notes
Turn   | Place    | Note
-------+----------+-------------------------------------------
     0 | D:1      | Geeful the Mummy Conjurer began the quest for the Orb.
     0 | D:1      | Reached XP level 1. HP: 13/13 MP: 4/4
   100 | D:1      | Reached skill level 3 in Spellcasting
   155 | D:1      | Reached XP level 2. HP: 19/20 MP: 6/6
   256 | D:1      | Reached skill level 1 in Fighting
   503 | D:1      | You fall into a shaft and drop 1 floor!
   788 | D:1      | Gained mutation: You are in touch with the powers of death.
                  | [Mummy growth]
   788 | D:1      | Reached XP level 3. HP: 26/26 MP: 7/7
  1175 | D:1      | Learned a level 2 spell: Searing Ray
  1502 | D:2      | Reached XP level 4. HP: 24/33 MP: 3/9
  1596 | D:2      | Noticed Jessica
  1599 | D:2      | Killed Jessica
  1600 | D:2      | Reached skill level 4 in Spellcasting
  2001 | D:2      | Reached XP level 5. HP: 24/39 MP: 0/11
  2382 | D:2      | Identified the +2 helmet of the Abyss {Contam +Inv SInv}
  2382 | D:2      | Noticed Robin
  2412 | D:2      | Killed Robin
  3117 | D:3      | Noticed an orc warrior
  3119 | D:3      | Found a transporter.
  3130 | D:3      | Found a transporter.
  3309 | D:3      | Found a runed translucent door.
  3310 | D:3      | Noticed Crazy Yiuf
  3323 | D:3      | Killed Crazy Yiuf
  3324 | D:3      | Reached XP level 6. HP: 11/47 MP: 4/13
  3456 | D:3      | Upgraded the game from 0.30-a0-760-g5a9884b to
                  | 0.30-a0-777-ga9a30cb
  3546 | D:3      | Killed from afar by an orc priest

Illustrated notes

Levels and vault maps discovered:
D:1:      lightli_arrival_chessboard, layout_loops_ring, amethyst_killhole
D:2:      layout_basic, uniq_robin, uniq_jessica
D:3:      layout_loops_ring, gammafunk_temple_overflow_arena, serial_glass,
          glass_columns_c, glass_columns_a, feat_on_display,
          due_unseen_surprise, feat_on_display, uniq_crazy_yiuf_cottage,
          uniq_pargi, uniq_sigmund

Skill      XL: |  1  2  3  4  5 |
---------------+----------------+-----
Spellcasting   | 3 4 |  4.9
Fighting       | 1 2 3 |  3.2
Dodging        | 2 3 |  3.2
Stealth        | |  1.5
Conjurations   | |  3.2

Action                     |  1- 3 |  4- 6 || total
---------------------------+-------+-------++-------
  Melee: Whip              |    72 |       ||    72
         Unarmed           |     4 |       ||     4
         Dagger            |    11 |   163 ||   174
         Punch             |       |     2 ||     2
   Cast: Magic Dart        |    16 |    27 ||    43
         Searing Ray       |     4 |    10 ||    14
  Evoke: Wand              |       |    11 ||    11
    Use: Scroll            |     1 |       ||     1
   Stab: Sleeping          |     1 |     4 ||     5
 Armour: Robe              |    13 |    65 ||    78
  Dodge: Dodged            |    41 |   134 ||   175

Table legend: (Time is in decaauts)
 A = Elapsed time spent in this place.
 B = Non-inter-level travel time spent in this place.
 C = Inter-level travel time spent in this place.
 D = Time resting spent in this place.
 E = Time spent auto-exploring this place.
 F = Levels seen in this place.
 G = Mean time per level.
                   A        B        C        D        E       F      G
               +--------+--------+--------+--------+--------+-----+--------+
         Total |   3552 |   3494 |     58 |    334 |   2405 |   3 | 1184.0 |
       Dungeon |   3552 |   3494 |     58 |    334 |   2405 |   3 | 1184.0 |
               +--------+--------+--------+--------+--------+-----+--------+

Top non-repeatable levels by time:
     D:2: 1621 daAuts
     D:1: 1185 daAuts
     D:3: 744 daAuts
